APL (24 & UNDER)
PENSACOLA PILOTS @ BEAVERTON BRONZE SOULS
09/05/2027
 
TOP OF THE 1ST
Pensacola Pilots batting - Pitching for Beaverton Bronze Souls : RHP Terry Norris
Pitching: RHP Terry Norris
Batting: RHB Marcos García 0-0: Ball
1-0: Called Strike
1-1: Ball
2-1: Ground out 4-3 (Groundball, 4)
Batting: LHB Armando Domínguez 0-0: Swinging Strike
0-1: Ball
1-1: Ground out U3 (Groundball, 34S)
Batting: SHB Fernando Gutiérrez 0-0: Ball
1-0: Foul Ball, location: 2F
1-1: Hit by Pitch
Batting: SHB Ángel González 0-0: Ground out 1-3 (Groundball, P)
Top of the 1st over - 0 run(s), 0 hit(s), 0 error(s), 1 left on base; Pensacola 0 - Beaverton 0
BOTTOM OF THE 1ST
Beaverton Bronze Souls batting - Pitching for Pensacola Pilots : RHP Juan Martínez
Pitching: RHP Juan Martínez
Batting: RHB David Kerr 0-0: Ball
1-0: Ball
2-0: Ball
3-0: Called Strike
3-1: Base on Balls
Batting: RHB Rusty Anderson 0-0: Foul Ball, location: 2F
0-1: Ball
1-1: Ball
2-1: Grounds into double play, 6-4-3 (Groundball, 6)
Batting: SHB Felipe Castro 0-0: Ball
1-0: Ball
2-0: Swinging Strike
2-1: Foul Ball, location: 2F
2-2: Ball
3-2: Foul Ball, location: 2F
3-2: Ground out 6-3 (Groundball, 6)
Bottom of the 1st over - 0 run(s), 0 hit(s), 0 error(s), 0 left on base; Pensacola 0 - Beaverton 0
TOP OF THE 2ND
Pensacola Pilots batting - Pitching for Beaverton Bronze Souls : RHP Terry Norris
Batting: RHB Juan Hernández 0-0: Ball
1-0: Fly out, F9 (Flyball, 9S)
Batting: LHB Joe Storms 0-0: Foul Ball, location: 2F
0-1: Fly out, F5 (Popup, 56)
Batting: RHB Markus Cummins 0-0: Ball
1-0: Swinging Strike
1-1: Foul Ball, location: 2F
1-2: Ball
2-2: Ball
3-2: Strikes out swinging, 2-3 out at first.
Top of the 2nd over - 0 run(s), 0 hit(s), 0 error(s), 0 left on base; Pensacola 0 - Beaverton 0
BOTTOM OF THE 2ND
Beaverton Bronze Souls batting - Pitching for Pensacola Pilots : RHP Juan Martínez
Batting: RHB Carlos Guevara 0-0: Foul Ball, location: 2F
0-1: Ball
1-1: Ball
2-1: SINGLE (Line Drive, 56)
Batting: LHB Luis Aragón 0-0: Called Strike
0-1: Fly out, F4 (Popup, 4D)
Batting: SHB Alberto Sandoval 0-0: DOUBLE (Line Drive, 78M)
Carlos Guevara to third
Batting: RHB Vernon Harris 0-0: Ball
1-0: Fly out, F7 (Flyball, 7)
Runner from 3rd tags up, SCORES, throw made
Batting: LHB Alonso Contreras 0-0: Swinging Strike
0-1: Ball
1-1: Swinging Strike
1-2: Strikes out swinging
Bottom of the 2nd over - 1 run(s), 2 hit(s), 0 error(s), 1 left on base; Pensacola 0 - Beaverton 1
TOP OF THE 3RD
Pensacola Pilots batting - Pitching for Beaverton Bronze Souls : RHP Terry Norris
Batting: RHB Larry Crawford 0-0: Ball
1-0: Called Strike
1-1: Ball
2-1: Foul Ball, location: 2F
2-2: Foul Ball, location: 2F
2-2: Foul Ball, location: 2F
2-2: SINGLE (Groundball, 6MD)
Batting: LHB Ángel Flores 0-0: Ball
1-0: Called Strike
1-1: Foul Ball, location: 2F
1-2: Strikes out swinging
Batting: RHB Marcos García 0-0: Grounds into double play, 4-6-3 (Groundball, 4)
Top of the 3rd over - 0 run(s), 1 hit(s), 0 error(s), 0 left on base; Pensacola 0 - Beaverton 1
BOTTOM OF THE 3RD
Beaverton Bronze Souls batting - Pitching for Pensacola Pilots : RHP Juan Martínez
Batting: SHB Caleb Hart 0-0: Foul Ball, location: 2F
0-1: Ball
1-1: Ball
2-1: Ball
3-1: SOLO HOME RUN (Flyball, 7D), Distance : 364 ft
Batting: RHB David Kerr 0-0: Ball
1-0: Ball
2-0: Ball
3-0: Base on Balls
Batting: RHB Rusty Anderson 0-0: Called Strike
0-1: Ball
1-1: Foul Ball, location: 2F
1-2: Ball
2-2: SINGLE (Line Drive, 8RS)
David Kerr to second
Batting: SHB Felipe Castro 0-0: Foul Ball, location: 2F
0-1: Ball
1-1: Foul Ball, location: 2F
1-2: Foul Ball, location: 2F
1-2: Foul Ball, location: 2F
1-2: Ball
2-2: Foul Ball, location: 2F
2-2: Foul Ball, location: 2F
2-2: Foul Ball, location: 2F
2-2: Ball
3-2: Ground out U3 (Groundball, 34S)
David Kerr to third
Rusty Anderson to second
Batting: RHB Carlos Guevara 0-0: Ball
1-0: Ground out 6-3 (Groundball, 6)
David Kerr scores
Rusty Anderson to third
Batting: LHB Luis Aragón 0-0: Called Strike
0-1: Ball
1-1: Ground out 2-3 (Groundball, 15S)
Bottom of the 3rd over - 2 run(s), 2 hit(s), 0 error(s), 1 left on base; Pensacola 0 - Beaverton 3
TOP OF THE 4TH
Pensacola Pilots batting - Pitching for Beaverton Bronze Souls : RHP Terry Norris
Batting: LHB Armando Domínguez 0-0: Swinging Strike
0-1: Ground out 6-3 (Groundball, 6)
Batting: SHB Fernando Gutiérrez 0-0: Ball
1-0: Ball
2-0: Ball
3-0: Base on Balls
Batting: SHB Ángel González 0-0: Called Strike
0-1: Called Strike
0-2: Ball
1-2: Ball
2-2: Foul Ball, location: 2F
2-2: Foul Ball, location: 2F
2-2: Ball
3-2: Strikes out swinging
Batting: RHB Juan Hernández 0-0: Swinging Strike
0-1: Ball
1-1: Ball
2-1: Ball
3-1: Base on Balls
Fernando Gutiérrez to second
Batting: LHB Joe Storms 0-0: Ball
1-0: Ball
2-0: Ball
3-0: Called Strike
3-1: Called Strike
3-2: Base on Balls
Fernando Gutiérrez to third
Juan Hernández to second
Batting: RHB Markus Cummins 0-0: Ball
1-0: Ball
2-0: Ball
3-0: Called Strike
3-1: Foul Ball, location: 2F
3-2: Ground out 4-3 (Groundball, 4)
Top of the 4th over - 0 run(s), 0 hit(s), 0 error(s), 3 left on base; Pensacola 0 - Beaverton 3
BOTTOM OF THE 4TH
Beaverton Bronze Souls batting - Pitching for Pensacola Pilots : RHP Juan Martínez
Batting: SHB Alberto Sandoval 0-0: Called Strike
0-1: Ball
1-1: Ball
2-1: SINGLE (Groundball, 34D)
Batting: RHB Vernon Harris 0-0: Ball
1-0: Swinging Strike
1-1: Foul Ball, location: 2F
1-2: Fielders Choice at 2nd, 6-4 (Groundball, 6)
Batting: LHB Alonso Contreras 0-0: Ball
1-0: Swinging Strike
1-1: SINGLE (Line Drive, 6MD)
Vernon Harris to second
Batting: SHB Caleb Hart 0-0: SINGLE (Groundball, 4MD)
Vernon Harris to third
Alonso Contreras to second
Batting: RHB David Kerr 0-0: Ball
1-0: Ball
2-0: Ball
3-0: Called Strike
3-1: Base on Balls
Vernon Harris scores
Alonso Contreras to third
Caleb Hart to second
Batting: RHB Rusty Anderson 0-0: Called Strike
0-1: TRIPLE (Line Drive, 78M)
Alonso Contreras scores
Caleb Hart scores
David Kerr scores
Batting: SHB Felipe Castro 0-0: Called Strike
0-1: Ball
1-1: Foul Ball, location: 2F
1-2: Ball
2-2: Ball
3-2: Ground out U3 (Groundball, 3)
Pitching: LHP Cisco Sánchez
Batting: RHB Carlos Guevara 0-0: SINGLE (Line Drive, 7S)
Rusty Anderson scores
Batting: LHB Luis Aragón 0-0: Reached on error, E5 (Groundball, 56S)
Carlos Guevara to second
Batting: SHB Alberto Sandoval 0-0: Ball
1-0: Ball
2-0: Ball
3-0: Called Strike
3-1: Foul Ball, location: 2F
3-2: Base on Balls
Carlos Guevara to third
Luis Aragón to second
Batting: RHB Vernon Harris 0-0: Called Strike
0-1: Ball
1-1: Swinging Strike
1-2: SINGLE (Groundball, 2R) (infield hit)
Carlos Guevara scores
Luis Aragón to third
Alberto Sandoval to second
Batting: LHB Alonso Contreras 0-0: Called Strike
0-1: Ball
1-1: Ground out 3-1 (Groundball, 34S)
Bottom of the 4th over - 6 run(s), 6 hit(s), 1 error(s), 3 left on base; Pensacola 0 - Beaverton 9
TOP OF THE 5TH
Pensacola Pilots batting - Pitching for Beaverton Bronze Souls : RHP Terry Norris
Batting: RHB Larry Crawford 0-0: SINGLE (Flyball, 9LM)
Pitching: RHP Arturo García
Batting: LHB Ángel Flores 0-0: Ball
1-0: Called Strike
1-1: Ball
2-1: Foul Ball, location: 2F
2-2: Ball
3-2: Foul Ball, location: 2F
3-2: Strikes out swinging
Batting: RHB Marcos García 0-0: Grounds into double play, 4-6-3 (Groundball, 4)
Top of the 5th over - 0 run(s), 1 hit(s), 0 error(s), 0 left on base; Pensacola 0 - Beaverton 9
BOTTOM OF THE 5TH
Beaverton Bronze Souls batting - Pitching for Pensacola Pilots : LHP Cisco Sánchez
Batting: SHB Caleb Hart 0-0: SOLO HOME RUN (Flyball, 78XD), Distance : 405 ft
Batting: RHB David Kerr 0-0: Ball
1-0: Ball
2-0: Ground out 6-3 (Groundball, 6)
Batting: RHB Rusty Anderson 0-0: SINGLE (Groundball, 56D)
Pitching: RHP Manuel Valdés
Batting: SHB Felipe Castro 0-0: Called Strike
0-1: Ball
1-1: Foul Ball, location: 2F
1-2: Fly out, F9 (Line Drive, 89M)
Batting: RHB Carlos Guevara 0-0: Ball
1-0: Called Strike
1-1: Foul Ball, location: 2F
1-2: Strikes out swinging
Bottom of the 5th over - 1 run(s), 2 hit(s), 0 error(s), 1 left on base; Pensacola 0 - Beaverton 10
TOP OF THE 6TH
Pensacola Pilots batting - Pitching for Beaverton Bronze Souls : RHP Arturo García
Pinch Hitting: LHB Nick Gamble 0-0: Ball
1-0: Ball
2-0: Ball
3-0: Called Strike
3-1: Base on Balls
Batting: SHB Fernando Gutiérrez 0-0: Ball
1-0: Called Strike
1-1: Ball
2-1: Foul Ball, location: 2F
2-2: Strikes out swinging
Batting: SHB Ángel González 0-0: Called Strike
0-1: Called Strike
Throwing error on steal attempt, E2
Nick Gamble to third
0-2: Foul Ball, location: 2F
0-2: Ball
1-2: Strikes out swinging
Batting: RHB Juan Hernández 0-0: Ball
1-0: Called Strike
1-1: Foul Ball, location: 2F
1-2: Strikes out swinging
Top of the 6th over - 0 run(s), 0 hit(s), 1 error(s), 1 left on base; Pensacola 0 - Beaverton 10
BOTTOM OF THE 6TH
Beaverton Bronze Souls batting - Pitching for Pensacola Pilots : RHP Manuel Valdés
Now at 2B: Robert Rose
Batting: LHB Luis Aragón 0-0: Ball
1-0: Called Strike
1-1: Foul Ball, location: 2F
1-2: Fly out, F7 (Flyball, 7)
Batting: SHB Alberto Sandoval 0-0: Ball
1-0: Ground out 5-3 (Groundball, 5L)
Batting: RHB Vernon Harris 0-0: Foul Ball, location: 2F
0-1: Ball
1-1: Swinging Strike
1-2: Ball
2-2: Foul Ball, location: 2F
2-2: Ball
3-2: Foul Ball, location: 2F
3-2: Foul Ball, location: 2F
3-2: Base on Balls
Batting: LHB Alonso Contreras 0-0: Called Strike
Pickoff Throw to First - Out!
Bottom of the 6th over - 0 run(s), 0 hit(s), 0 error(s), 0 left on base; Pensacola 0 - Beaverton 10
TOP OF THE 7TH
Pensacola Pilots batting - Pitching for Beaverton Bronze Souls : RHP Arturo García
Pinch Hitting: LHB Jorge Silva 0-0: Ball
1-0: Swinging Strike
1-1: Foul Ball, location: 2F
1-2: Ball
2-2: Strikes out looking
Batting: RHB Markus Cummins 0-0: Ball
1-0: Ball
2-0: Ball
3-0: Called Strike
3-1: Base on Balls
Batting: RHB Larry Crawford 0-0: Ball
1-0: Called Strike
1-1: Foul Ball, location: 2F
1-2: Ball
2-2: Strikes out swinging
Batting: LHB Ángel Flores 0-0: Ball
1-0: Swinging Strike
1-1: Called Strike
1-2: Ball
2-2: Ball
3-2: Fly out, F8 (Flyball, 78M)
Top of the 7th over - 0 run(s), 0 hit(s), 0 error(s), 1 left on base; Pensacola 0 - Beaverton 10
BOTTOM OF THE 7TH
Beaverton Bronze Souls batting - Pitching for Pensacola Pilots : RHP Manuel Valdés
Now in LF: Jorge Silva
Batting: LHB Alonso Contreras 0-0: Foul Ball, location: 2F
0-1: Swinging Strike
0-2: Ball
1-2: Ball
2-2: Foul Ball, location: 2F
2-2: Strikes out swinging
Batting: SHB Caleb Hart 0-0: Called Strike
0-1: Called Strike
0-2: Ball
1-2: Ball
2-2: Foul Ball, location: 2F
2-2: Ball
3-2: Base on Balls
Batting: RHB David Kerr 0-0: Ball
1-0: SINGLE (Flyball, 8LS)
Caleb Hart to second
Pinch Hitting: RHB John Warren 0-0: Called Strike
0-1: Foul Ball, location: 2F
0-2: SINGLE (Line Drive, 6MD)
Caleb Hart to third
David Kerr to second
Runner from 3rd tries for Home, SAFE, throw made home
Batting: SHB Felipe Castro 0-0: Ball
1-0: SINGLE (Groundball, 25) (infield hit)
David Kerr to third
John Warren to second
Batting: RHB Carlos Guevara 0-0: Called Strike
0-1: Swinging Strike
0-2: Ball
1-2: SINGLE (Flyball, 8RS)
David Kerr scores
John Warren to third
Felipe Castro to second
Runner from 3rd tries for Home, SAFE, throw made home
Felipe Castro to third
Carlos Guevara to second
Batting: LHB Luis Aragón 0-0: Ball
1-0: Ball
2-0: Foul Ball, location: 2F
2-1: Called Strike
2-2: 3-RUN HOME RUN (Flyball, 9LD), Distance : 347 ft
Batting: SHB Alberto Sandoval 0-0: Called Strike
0-1: Ball
1-1: SOLO HOME RUN (Flyball, 78XD), Distance : 398 ft
Batting: RHB Vernon Harris 0-0: Ball
1-0: Foul Ball, location: 2F
1-1: SINGLE (Line Drive, 5D)
Batting: LHB Alonso Contreras 0-0: SINGLE (Groundball, 34D)
Vernon Harris to second
Runner from 2nd tries for 3rd, SAFE, throw made to third
Batting: SHB Caleb Hart 0-0: Ball
1-0: Ball
2-0: Ball
3-0: Called Strike
3-1: Swinging Strike
3-2: Base on Balls
Alonso Contreras to second
Pitching: LHP Lee Foster
Batting: RHB David Kerr 0-0: Grounds into double play, 6-4-3 (Groundball, 6)
Bottom of the 7th over - 7 run(s), 8 hit(s), 0 error(s), 2 left on base; Pensacola 0 - Beaverton 17
TOP OF THE 8TH
Pensacola Pilots batting - Pitching for Beaverton Bronze Souls : RHP Arturo García
Now in LF: John Warren
Batting: RHB Marcos García 0-0: Ground out 5-3 (Groundball, 56S)
Batting: RHB Robert Rose 0-0: Ball
1-0: Ball
2-0: Ball
3-0: Base on Balls
Batting: SHB Fernando Gutiérrez 0-0: Ball
1-0: Called Strike
1-1: Swinging Strike
1-2: Strikes out swinging
Batting: SHB Ángel González 0-0: Ball
1-0: Foul Ball, location: 2F
1-1: Foul Ball, location: 2F
1-2: Strikes out looking
Top of the 8th over - 0 run(s), 0 hit(s), 0 error(s), 1 left on base; Pensacola 0 - Beaverton 17
BOTTOM OF THE 8TH
Beaverton Bronze Souls batting - Pitching for Pensacola Pilots : LHP Lee Foster
Pinch Hitting: RHB Rubén Ramírez 0-0: Ball
1-0: Called Strike
1-1: SINGLE (Line Drive, 8RS)
Batting: SHB Felipe Castro 0-0: Ball
1-0: SINGLE (Flyball, 78S)
Rubén Ramírez to second
Batting: RHB Carlos Guevara 0-0: Ball
1-0: Ball
2-0: Swinging Strike
2-1: Ball
3-1: Swinging Strike
3-2: Foul Ball, location: 2F
3-2: Base on Balls
Rubén Ramírez to third
Felipe Castro to second
Batting: LHB Luis Aragón 0-0: Ball
1-0: Ball
2-0: Ball
3-0: Base on Balls
Rubén Ramírez scores
Felipe Castro to third
Carlos Guevara to second
Batting: SHB Alberto Sandoval 0-0: Ball
1-0: Ball
2-0: Ball
3-0: Called Strike
3-1: Base on Balls
Felipe Castro scores
Carlos Guevara to third
Luis Aragón to second
Batting: RHB Vernon Harris 0-0: Ball
1-0: Called Strike
1-1: Ball
2-1: Ball
3-1: Fly out, F8 (Flyball, 8RM)
Runner from 3rd tags up, SCORES, throw made
Batting: LHB Alonso Contreras 0-0: Ball
1-0: Ball
2-0: Called Strike
2-1: Called Strike
2-2: Strikes out swinging
Batting: SHB Caleb Hart 0-0: Ball
1-0: Foul Ball, location: 2F
1-1: Called Strike
1-2: Ball
2-2: Ball
3-2: Base on Balls
Luis Aragón to third
Alberto Sandoval to second
Batting: RHB David Kerr 0-0: Reached on error, E5 (Groundball, 5)
Luis Aragón scores
Alberto Sandoval to third
Caleb Hart to second
Batting: RHB Rubén Ramírez 0-0: Ball
1-0: Fly out, F3 (Line Drive, 3S)
Bottom of the 8th over - 4 run(s), 2 hit(s), 1 error(s), 3 left on base; Pensacola 0 - Beaverton 21
TOP OF THE 9TH
Pensacola Pilots batting - Pitching for Beaverton Bronze Souls : RHP Arturo García
Now at 1B: Ed Fuhrman
Now at 2B: Rubén Ramírez
Batting: RHB Juan Hernández 0-0: Called Strike
0-1: Ground out 4-3 (Groundball, 4)
Batting: LHB Jorge Silva 0-0: Ball
1-0: Called Strike
1-1: SINGLE (Groundball, 56D)
Batting: RHB Markus Cummins 0-0: Ball
1-0: Ball
2-0: Ball
3-0: Called Strike
3-1: Base on Balls
Jorge Silva to second
Pinch Hitting: LHB Brenton Carter 0-0: Ball
1-0: Called Strike
1-1: Called Strike
1-2: Ball
2-2: Strikes out swinging
Batting: LHB Ángel Flores 0-0: Called Strike
0-1: Swinging Strike
0-2: Fly out, F7 (Flyball, 7LM)
Top of the 9th over - 0 run(s), 1 hit(s), 0 error(s), 2 left on base; Pensacola 0 - Beaverton 21
Thursday, March 30th, 2017 - OOTP Baseball 17.12 Build 75